 Dungeon Crawl Stone Soup version 0.30-a0-778-g2ef04afb54 (webtiles) character file.

Game seed: 6810045521332037522

802 Pimp the Slasher (level 7, -2/57 HPs)
             Began as a Demonspawn Monk on Feb 16, 2023.
             Was a Believer of Okawaru.
             Slain by an orc warrior
             ... wielding a +0 war axe
              (9 damage)
             ... on level 5 of the Dungeon.
             The game lasted 00:13:30 (4888 turns).

Pimp the Slasher (Demonspawn Monk)                  Turns: 4888, Time: 00:13:31

Health: -2/57      AC: 14    Str: 13      XL:     7   Next: 59%
Magic:  7/7        EV:  6    Int: 15      God:    Okawaru [**....]
Gold:   245        SH:  0    Dex: 13 (14) Spells: 6/6 levels left

rFire   . . .      SeeInvis .    a - +0 falchion
rCold   + . .      Faith    +    (no shield)
rNeg    . . .      Spirit   .    g - +0 chain mail
rPois   .          Reflect  .    (no helmet)
rElec   .          Harm     .    (no cloak)
rCorr   .          Rampage  .    (no gloves)
Will    .....      Clarity  +    q - +2 pair of boots Stlth
                                 l - amulet of faith
HPRegen 0.29/turn                k - ring of protection from cold
MPRegen 0.10/turn                (no ring)

@: flying
A: hooves 1, rugged brown scales 2, powered by pain 1, clarity, clever 1
a: Renounce Religion, Heroism


You were on level 5 of the Dungeon.
You worshipped Okawaru.
Okawaru was pleased with you.
You visited 2 branches of the dungeon, and saw 7 of its levels.

You collected 245 gold pieces.

Inventory:

Hand Weapons
 a - a +0 falchion (weapon)
Armour
 g - a +0 chain mail (worn)
 q - a +2 pair of boots (worn)
Jewellery
 h - an amulet of regeneration
 i - an amulet of the acrobat
 k - a ring of protection from cold (left hand)
 l - an amulet of faith (around neck)
Wands
 b - a wand of mindburst (20)
 o - a wand of paralysis (5)
 u - a wand of flame (15)
Scrolls
 d - a scroll of identify
 e - a scroll of enchant armour
 f - a scroll of fog
 t - a scroll of teleportation
Potions
 c - a potion of ambrosia
 j - 2 potions of brilliance


   Skills:
 + Level 4.6 Fighting
 + Level 6.1 Long Blades
 + Level 1.0 Throwing
 + Level 3.5 Armour
 + Level 3.1 Dodging
 + Level 1.9 Stealth


You had 6 spell levels left.
You didn't know any spells.
Your spell library contained the following spells:

 Spells                   Type           Power      Damage    Failure   Level
 Ensorcelled Hibernation  Hex/Ice        0%         N/A       100%        2
 Ignite Poison            Fire/Tmut/Pois 0%         N/A       100%        3
 Kindle Blastsparks       Fire/Tloc/Air  0%         2d10      100%        3
 Spider Form              Tmut/Pois      0%         N/A       100%        3
 Anguish                  Hex/Necr       0%         N/A       100%        4
 Freezing Cloud           Conj/Ice/Air   0%         6-21      100%        5


Dungeon Overview and Level Annotations

Branches:
Dungeon (6/15)             Temple (1/1) D:5

Altars:
Dithmenos
Fedhas
Hepliaklqana
Nemelex Xobeh
Okawaru
Ru
Vehumet
Wu Jian
Xom
Yredelemnul

Shops:
D:2 ?

Annotations:
D:5 Eustachio


Innate Abilities, Weirdness & Mutations

You have large cloven feet.
You are mostly covered in rugged brown scales. (AC +2, +5% HP)
You sometimes gain a little power by taking damage.
You possess an exceptional clarity of mind.
Your mind is acute. (Int +4, Str/Dex -1)


Message History

You closely miss the orc warrior.
The orc warrior hits you but does no damage.
Eustachio says, "Summoning is fun!"
Eustachio mumbles some strange words.
You completely miss the orc warrior.
The shadow imp disappears in a puff of smoke!
The orc warrior hits you but does no damage.
You hit the orc warrior.
The orc warrior is lightly wounded.
The orc warrior hits you with a +0 war axe!
You closely miss the orc warrior.
The orc warrior is lightly wounded.
The orc warrior closely misses you.
You closely miss the orc warrior.
The orc warrior is lightly wounded.
The orc warrior hits you with a +0 war axe!
You completely miss the orc warrior.
The orc warrior is lightly wounded.
The orc warrior hits you with a +0 war axe.
You hit the orc warrior but do no damage.
The orc warrior is lightly wounded.
The orc warrior hits you with a +0 war axe.
You hit the orc warrior.
The orc warrior is moderately wounded.
The orc warrior hits you with a +0 war axe!
* * * LOW HITPOINT WARNING * * *
Eustachio growls, "To hell with you, honourless miscreant!"
The orc warrior attacks as you move away!
The orc warrior barely misses you.
The orc warrior attacks as you move away!
The orc warrior hits you but does no damage.
The orc warrior attacks as you move away!
The orc warrior hits you with a +0 war axe.
* * * LOW HITPOINT WARNING * * *
Eustachio casts a spell.
It was a potion of flight.
You feel very buoyant.
You fly up into the air.
The orc warrior hits you with a +0 war axe!
You die...

..#...##..##........#...'........
..'?................+...#...##+##
..#...........#######...#...##...
.##...######..##...##..#######...
.##...##..##...'.......##...##...
..#............#...##..##...#####
..#...........###########...##...
.##...........##.b.##r.##...##...
##..............@oo..@.##(..##...
#....##..######...##r.##...##...
#######..##..##...##..##...#####
#.<..#....r.5......#@..#....#
#....#....@.......)#...'....#
##...###.########.###r#########
##..(###ยง########.###.##.####.##
#..(5>.5o...........#.....#....#
#.....ro............#.....'....#


You could see Eustachio, an orc warrior, a river rat (summoned), an orc, a
quokka (summoned) and a bat (summoned).

Vanquished Creatures
  Grinder (D:4)
  An ice beast (D:5)
  An ogre (D:5)
  A necrophage (D:5)
  A scorpion (D:4)
  A gnoll bouda (D:5)
  2 hounds (D:5)
  An iguana (D:5)
  5 gnolls (D:5)
  7 adders
  4 worms
  A dart slug (D:1)
  3 orcs
  6 endoplasms
  A giant cockroach (D:1)
  7 goblins
  9 hobgoblins
  8 jackals
  4 kobolds (D:1)
  3 quokkas (D:4)
  3 ball pythons
  2 bats (D:1)
  3 frilled lizards
  5 rats (D:1)
80 creatures vanquished.

Notes
Turn   | Place    | Note
-------+----------+-------------------------------------------
     0 | D:1      | Pimp the Demonspawn Monk began the quest for the Orb.
     0 | D:1      | Reached XP level 1. HP: 18/18 MP: 1/1
   359 | D:1      | Found a faded altar of an unknown god.
   361 | D:1      | Gained mutation: You are partially covered in rugged brown
                  | scales. (AC +1, +3% HP) [demonic ancestry]
   361 | D:1      | Reached XP level 2. HP: 18/24 MP: 2/2
   396 | D:1      | Reached skill level 3 in Long Blades
   715 | D:1      | Gained mutation: You have large cloven feet. [demonic
                  | ancestry]
   715 | D:1      | Reached XP level 3. HP: 24/29 MP: 3/3
  1298 | D:2      | Found Mymedgh's Magic Scroll Shoppe.
  1404 | D:2      | Gained mutation: Your mind is acute. (Int +4, Str/Dex -1)
                  | [potion of mutation]
  1404 | D:2      | Gained mutation: You possess an exceptional clarity of
                  | mind. [potion of mutation]
  1766 | D:2      | Gained mutation: You sometimes gain a little power by
                  | taking damage. [demonic ancestry]
  1766 | D:2      | Reached XP level 4. HP: 36/36 MP: 4/4
  2234 | D:3      | Reached skill level 4 in Long Blades
  2548 | D:4      | Noticed Grinder
  2573 | D:4      | Killed Grinder
  2574 | D:4      | Gained mutation: You are mostly covered in rugged brown
                  | scales. (AC +2, +5% HP) [demonic ancestry]
  2574 | D:4      | Reached XP level 5. HP: 23/44 MP: 5/5
  2574 | D:4      | Reached XP level 6. HP: 26/50 MP: 6/6
  2638 | D:4      | Reached skill level 5 in Long Blades
  3559 | D:5      | Entered Level 5 of the Dungeon
  3562 | D:5      | Found a staircase to the Ecumenical Temple.
  3575 | Temple   | Entered the Ecumenical Temple
  3582 | Temple   | Became a worshipper of Warmaster Okawaru
  3582 | Temple   | Reached * piety under Okawaru
  3582 | Temple   | Reached ** piety under Okawaru
  3816 | D:5      | Reached XP level 7. HP: 24/57 MP: 7/7
  4555 | D:5      | Reached skill level 6 in Long Blades
  4555 | D:5      | Reached skill level 1 in Throwing
  4702 | D:5      | Found a blossoming altar of Fedhas.
  4707 | D:5      | Found an ornate altar of the Wu Jian Council.
  4711 | D:5      | Noticed Eustachio
  4888 | D:5      | Slain by an orc warrior

Illustrated notes

Levels and vault maps discovered:
D:1:      doesnt_arrival_eight_statues, layout_loops_corners,
          ebering_ecumenical_altar_abandoned, hex_medium, st_stairs_14,
          chequers_serial_rivers_small_3
D:2:      layout_loops_ring, serial_shops, nicolae_shop_stone,
          kennysheep_decorative_pillar
D:3:      layout_loops_cross, zin_academy
D:4:      layout_basic, uniq_grinder
D:5:      layout_gridville, mainiacjoe_overflow_big_doors,
          minmay_temple_entry_ruins, uniq_eustachio
D:6:      layout_gridville, nicolae_ossuary_entry_giza, uniq_blork_the_orc,
          uniq_menkaure, uniq_duvessa
Temple:   nicolae_temple_bog_church

Skill      XL: |  1  2  3  4  5  6  7 |
---------------+----------------------+-----
Long Blades    | 3 4 5 6 |  6.1
Dodging        | 3 |  3.1
Fighting       | 4 |  4.6
Armour         | 2 3 |  3.5
Throwing       | 1 |  1.0
Stealth        | |  1.9

Action                     |  1- 3 |  4- 6 |  7- 9 || total
---------------------------+-------+-------+-------++-------
  Melee: Falchion          |   137 |   155 |   137 ||   429
         Punch             |     1 |     2 |     4 ||     7
         Kick              |    16 |     1 |       ||    17
  Throw: Dart              |       |       |    14 ||    14
  Evoke: Wand              |       |       |     1 ||     1
    Use: Scroll            |     4 |     1 |     7 ||    12
         Potion            |     1 |       |     1 ||     2
 Armour: Chain mail        |    93 |   119 |   164 ||   376
         Ring mail         |     2 |       |       ||     2
  Dodge: Dodged            |    38 |    58 |    84 ||   180

Table legend: (Time is in decaauts)
 A = Elapsed time spent in this place.
 B = Non-inter-level travel time spent in this place.
 C = Inter-level travel time spent in this place.
 D = Time resting spent in this place.
 E = Time spent auto-exploring this place.
 F = Levels seen in this place.
 G = Mean time per level.
                   A        B        C        D        E       F      G
               +--------+--------+--------+--------+--------+-----+--------+
         Total |   4920 |   4751 |    169 |    409 |   3226 |   7 |  702.9 |
       Dungeon |   4896 |   4727 |    169 |    409 |   3226 |   6 |  816.0 |
        Temple |     24 |     24 |      0 |      0 |      0 |   1 |   24.0 |
               +--------+--------+--------+--------+--------+-----+--------+

Top non-repeatable levels by time:
     D:5: 1262 daAuts
     D:1: 1170 daAuts
     D:4: 1086 daAuts
     D:2: 735 daAuts
     D:3: 637 daAuts
  Temple: 24 daAuts
     D:6: 4 daAuts
